 Dungeon Crawl Stone Soup version 0.24-a0-530-g18ba70b503 (webtiles) character file.

Game seed: 2297663792444898178

74 Mithandil the Bolt Thrower (level 4, -3/37 HPs)
             Began as a Centaur Hunter on Aug 7, 2019.
             Slain by an orc
             ... wielding a cursed -2 war axe
              (4 damage)
             ... on level 3 of the Dungeon.
             The game lasted 00:10:24 (1366 turns).

Mithandil the Bolt Thrower (Centaur Hunter)         Turns: 1366, Time: 00:10:25

Health: -3/37      AC:  6    Str: 15    XL:     4   Next: 10%
Magic:  4/4        EV:  5    Int: 10    God:
Gold:   96         SH:  7    Dex: 10    Spells: 3/3 levels left

rFire    . . .     SeeInvis .   b - +0 short sword
rCold    . . .     Gourm    .   i - +0 shield
rNeg     . . .     Faith    .   l - +0 scale mail
rPois    .         Spirit   .   (no helmet)
rElec    .         Reflect  .   (no cloak)
rCorr    .         Harm     .   (no gloves)
MR       .....                  (no barding)
Stlth    ..........             (no amulet)
HPRegen  0.12/turn              (no ring)
MPRegen  0.09/turn              (no ring)

@: very quick
A: large, hooves 3, deformed body, speed 2, tough skin 3
a: no special abilities


You were on level 3 of the Dungeon.
You were hungry.

You visited 1 branch of the dungeon, and saw 3 of its levels.

You collected 96 gold pieces.

Inventory:

Hand Weapons
 a - a +1 hand crossbow
 b - a +0 short sword (weapon)
 h - a cursed -1 mace
Missiles
 c - 19 poisoned darts (quivered)
 d - 22 bolts
 e - 16 arrows
Armour
 i - a +0 shield (worn)
 l - a +0 scale mail (worn)
Scrolls
 j - 2 scrolls of immolation {unknown}
 k - 3 scrolls of remove curse {unknown}
 m - a scroll of teleportation {unknown}
 p - a scroll of amnesia {unknown}
Potions
 n - 3 potions of curing {unknown}
 o - a potion of haste {unknown}
Comestibles
 f - 7 rations
 g - 8 chunks of flesh


   Skills:
 + Level 2.5 Fighting
 * Level 5.1 Crossbows
 + Level 1.7 Dodging
 + Level 1.0 Stealth
 * Level 1.0 Shields


You had 3 spell levels left.
You didn't know any spells.
Your spell library was empty.

Dungeon Overview and Level Annotations

Branches:
Dungeon (3/15)

Altars:


Innate Abilities, Weirdness & Mutations

You have hooves in place of feet.
Armour fits poorly on your strangely shaped body.
You cover ground very quickly.
You have extremely tough skin. (AC +3)


Message History

The jackal bites you but does no damage.
The orc hits you but does no damage.
The jackal bites you but does no damage.
You closely miss the jackal. You kick the jackal.
You kill the jackal!
You block the orc's attack.
You hit the orc but do no damage. You kick the orc.
The orc is almost dead.
The orc barely misses you.
You barely miss the orc.
The orc is almost dead.
The orc completely misses you.
You closely miss the orc. You kick the orc, but do no damage.
The orc is almost dead.
The orc hits you with a cursed -2 war axe.
* * * LOW HITPOINT WARNING * * *
You closely miss the orc.
The orc is almost dead.
The orc hits you with a cursed -2 war axe.
You die...

#.....###.# ###
#......#..# ...# ##
####h #..o.. #..###.
#... ##.###.
#..#..##.#######S.###.
###...#...........g..o.
#.......#.####.....###.
..####o#..####.#####
##@†..).÷((######
#÷<######.......# ###.##
#).####...
#.))##...<.........
............###.#####...
................ #
.....###.....#.# .....
......#. #### ........


You could see an orc.

Vanquished Creatures
  An adder (D:3)
  An ooze (D:1)
  A leopard gecko (D:1)
  5 orcs (D:3)
  3 giant cockroaches
  8 goblins
  7 hobgoblins
  4 jackals (D:3)
  8 kobolds
  A ball python (D:2)
  3 bats
  2 frilled lizards
  6 rats
50 creatures vanquished.

Notes
Turn   | Place    | Note
-------+----------+-------------------------------------------
     0 | D:1      | Mithandil the Centaur Hunter began the quest for the Orb.
     0 | D:1      | Reached XP level 1. HP: 17/17 MP: 1/1
   145 | D:1      | Reached XP level 2. HP: 21/24 MP: 2/2
   746 | D:1      | Reached XP level 3. HP: 29/29 MP: 3/3
  1149 | D:3      | Reached skill level 5 in Crossbows
  1187 | D:3      | Reached skill level 1 in Stealth
  1357 | D:3      | Reached skill level 1 in Shields
  1357 | D:3      | Reached XP level 4. HP: 20/37 MP: 4/4
  1365 | D:3      | HP: 1/37 [orc/cursed -2 war axe (2)]
  1366 | D:3      | Slain by an orc

Levels and vault maps discovered:
D:1:      roderic_dead_forest, layout_loops_corners
D:2:      cheibrodos_old_hovel, layout_rooms, nicolae_overflow_crystal_walls,
          eat_drink_and_be_merry_uskayaw, gammafunk_temple_overflow_claw,
          first_ration, chequers_ecumenical_altar_lobes, uniq_sigmund,
          uniq_terence
D:3:      layout_rooms, kennysheep_flooded_box

Skill      XL: |  1  2  3 |
---------------+----------+-----
Crossbows      | 5 |  5.1
Stealth        | 1 |  1.0
Shields        | 1 |  1.0
Fighting       | |  2.5
Dodging        | |  1.7

Action                   |  1- 3 |  4- 6 || total
-------------------------+-------+-------++-------
Melee: Short sword       |    64 |     9 ||    73
       Kick              |    20 |     3 ||    23
 Fire: Hand crossbow     |    58 |       ||    58
Armor: Leather armour    |     6 |       ||     6
       Scale mail        |    41 |     7 ||    48
Dodge: Dodged            |    21 |     3 ||    24
Block: Shield            |    32 |     5 ||    37

Table legend:
 A = Non-vault XP
 B = Vault XP
 C = Vault XP percentage of total XP
 D = Non-vault monster count
 E = Vault monster count
 F = Vault count percentage of total count
                 A         B        C        D         E       F
            +---------+---------+-------+---------+---------+-------
      Total |     107 |       0 |   0.0 |      50 |       0 |   0.0
            +---------+---------+-------+---------+---------+-------
        D:1 |      47 |       0 |   0.0 |      25 |       0 |   0.0
        D:2 |       6 |       0 |   0.0 |       5 |       0 |   0.0
        D:3 |      54 |       0 |   0.0 |      20 |       0 |   0.0
            +---------+---------+-------+---------+---------+-------
